 Dungeon Crawl Stone Soup version 0.26.1-11-gd32895ea62 (webtiles) character file.

Game seed: 14328141702348713099

6784 Almogavar the Destroyer (level 10, -19/120 HPs)
             Began as a Grey Draconian Conjurer on Apr 13, 2021.
             Was an Elder of Sif Muna.
             Demolished by an orc warlord
             ... wielding a +4 glaive of venom
              (23 damage)
             ... in a bailey.
             The game lasted 00:45:50 (13679 turns).

Almogavar the Destroyer (Grey Draconian Conjurer)  Turns: 13679, Time: 00:45:50

Health: -19/120    AC: 18    Str: 10    XL:     10   Next: 76%
Magic:  0/20       EV: 11    Int: 21    God:    Sif Muna [****..]
Gold:   642        SH: 10    Dex: 10    Spells: 22/23 levels left

rFire    . . .     SeeInvis .   y - +4 scimitar
rCold    . . .     Faith    .   h - +2 kite shield
rNeg     . . .     Spirit   +   (armour unavailable)
rPois    +         Reflect  .   (helmet restricted)
rElec    .         Harm     .   I - +0 cloak
rCorr    .         Rampage  .   (no gloves)
Will     .....                  o - +0 pair of boots
Stlth    ..........             s - amulet of guardian spirit
HPRegen  0.30/turn              C - ring of poison resistance
MPRegen  0.17/turn              p - +4 ring of protection

@: brilliant, berserking (expiring), lethally poisoned (-19 -> -22), very quick
A: walk through water, unfitting armour, unbreathing, cold-blooded, AC +12
a: Renounce Religion, Channel Magic, Forget Spell, Divine Exegesis


You were in a bailey.
You worshipped Sif Muna.
Sif Muna was greatly pleased with you.
You visited 2 branches of the dungeon, and saw 11 of its levels.
You also visited: Bailey.

You collected 675 gold pieces.
You spent 33 gold pieces at shops.

Inventory:

Hand Weapons
 y - a +4 scimitar (weapon)
Armour
 h - a +2 kite shield (worn)
 o - a +0 pair of boots (worn)
 I - a +0 cloak (worn)
Magical Staves
 D - an uncursed staff of poison
Jewellery
 d - an uncursed ring of flight
 e - an uncursed ring of protection from cold
 p - a +4 ring of protection (right hand)
 s - an amulet of guardian spirit (around neck)
 C - a ring of poison resistance (left hand)
Wands
 t - a wand of acid (6)
 x - a wand of iceblast (7)
 B - a wand of random effects (12)
 E - a wand of flame (13)
 G - a wand of paralysis (7)
Scrolls
 c - a scroll of magic mapping
 f - 2 scrolls of fear
 g - 2 scrolls of amnesia
 i - 4 scrolls of fog
 j - a scroll of enchant armour
 l - 7 scrolls of remove curse
 m - 2 scrolls of blinking {unknown}
 n - 4 scrolls of teleportation
 r - a scroll of immolation {unknown}
 u - a scroll of brand weapon {unknown}
 v - 2 scrolls of random uselessness {unknown}
 z - 3 scrolls of enchant weapon {unknown}
Potions
 a - 2 potions of magic
 b - a potion of heal wounds
 k - 4 potions of curing
 q - 3 potions of flight
 w - a potion of brilliance
 F - a potion of resistance {unknown}


   Skills:
 + Level 4.7 Fighting
 + Level 8.7 Long Blades
 + Level 5.2 Dodging
 + Level 3.5 Stealth
 + Level 3.8 Shields
 + Level 7.1 Spellcasting
 + Level 9.0 Conjurations
 + Level 0.3 Evocations


You had 22 spell levels left.
You knew the following spells:

 Your Spells              Type           Power        Failure   Level
a - Magic Dart            Conj           100%         1%          1

Your spell library contained the following spells:

 Spells                   Type           Power        Failure   Level
 Searing Ray              Conj           100%         1%          2
 Conjure Flame            Conj/Fire      39%          17%         3
 Dazzling Flash           Conj/Hex       78%          17%         3
 Mephitic Cloud           Conj/Pois/Air  30%          32%         3
 Poisonous Vapours        Pois/Air       22%          50%         2
 Fulminant Prism          Conj/Hex       19%          50%         4
 Iskenderun's Mystic Bla  Conj/Tloc      39%          50%         4
 Confusing Touch          Hex            11%          73%         3
 Gell's Gravitas          Tloc           5%           73%         3
 Petrify                  Tmut/Erth      11%          98%         4
 Metabolic Englaciation   Hex/Ice        5%           100%        5
 Yara's Violent Unravell  Hex/Tmut       5%           100%        5
 Freezing Cloud           Conj/Ice/Air   15%          100%        6


Dungeon Overview and Level Annotations

Branches:
Dungeon (10/15)            Temple (1/1) D:4          Bailey (1/1)
   Lair: D:8-11         Orc: D:9-12

Altars:
Cheibriados
Dithmenos
Elyvilon
Fedhas
Gozag
Hepliaklqana
Kikubaaqudgha
Nemelex Xobeh
Okawaru
Ru
Sif Muna
Trog
Vehumet
Wu Jian
Xom
Yredelemnul
Zin
The Shining One

Shops:
D:5 [   D:6 !

Annotations:
D:5 1 runed translucent door


Innate Abilities, Weirdness & Mutations

You can walk through water.
Your dull iron-grey scales are very hard. (AC +12)
You cannot fit into any form of body armour.
You can survive without breathing.
You are cold-blooded and may be slowed by cold attacks.


Message History

You are too berserk!
You are too berserk!
You slash the orc warlord!
The orc warlord is lightly wounded.
You slash the orc warlord!
The orc warlord is moderately wounded.
The orc warlord hits you but does no damage.
You are poisoned.
Your shield prevents you from hitting the orc warlord.
The orc warlord is moderately wounded.
* * * LOW HITPOINT WARNING * * *
You feel sick.
You hit the orc warlord.
The orc warlord is moderately wounded.
You hit the orc warlord but do no damage.
The orc warlord is moderately wounded.
* * * LOW HITPOINT WARNING * * *
You feel sick.
The orc warlord hits you with a +4 glaive of venom!!
You die...

#....)).....#
#....)....#
#.........#
##.......##
#..)....# ##.....##
##)#### ##)))..##
#...@...#
##...o)..##
#....)))..#
##......)..##
#.....⌠.....#######
##.........##.....##
#.........#.......#
##.......##.......##
#..)....).........+


You could see an orc warlord.

Vanquished Creatures
  Harold (D:9)
  A two-headed ogre (D:9)
  A troll (D:9)
  A wyvern (D:9)
  2 sky beasts
  The ghost of Rabronis the Magician, an amateur SpCj of Sif Muna (D:5)
  A black bear (D:8)
  4 ice beasts
  3 ogres
  11 orc warriors
  A necrophage (D:6)
  2 phantoms
  3 centaurs
  A big kobold (D:9)
  A gnoll sergeant (D:9)
  5 bullfrogs
  4 scorpions
  5 wights
  5 howler monkeys
  3 electric eels (D:9)
  A quasit (D:8)
  A centaur zombie (D:9)
  5 jellies
  4 orc priests
  2 hounds
  3 bullfrog skeletons
  A centaur skeleton (D:6)
  An iguana (D:6)
  6 orc wizards
  9 worker ants
  2 worker ant zombies
  11 gnolls
  11 adders
  4 white imps
  2 ufetubi
  An adder zombie (D:6)
  3 oozes
  2 adder skeletons (D:4)
  2 worms
  5 leopard geckos
  34 orcs
  3 ball pythons (D:1)
  3 giant cockroaches
  21 goblins
  17 hobgoblins
  4 jackals (D:8)
  A quokka (D:8)
  2 bats (D:1)
  8 frilled lizards
  12 kobolds
  A leopard gecko skeleton (D:7)
  2 quokka skeletons
  A quokka zombie (D:6)
  11 rats
252 creatures vanquished.

Notes
Turn   | Place    | Note
-------+----------+-------------------------------------------
     0 | D:1      | Almogavar the Draconian Conjurer began the quest for the
                  | Orb.
     0 | D:1      | Reached XP level 1. HP: 14/14 MP: 3/3
   265 | D:1      | Reached XP level 2. HP: 16/20 MP: 1/5
   509 | D:1      | Found a shimmering altar of Xom.
  1026 | D:1      | Reached XP level 3. HP: 26/26 MP: 1/6
  1543 | D:2      | Found a hazy altar of Hepliaklqana.
  1565 | D:2      | Found a white marble altar of Elyvilon.
  1577 | D:2      | Reached skill level 5 in Conjurations
  2288 | D:3      | Reached XP level 4. HP: 33/33 MP: 4/7
  2655 | D:3      | Found an ornate altar of the Wu Jian Council.
  3644 | D:4      | Reached XP level 5. HP: 33/38 MP: 2/9
  3795 | D:4      | Reached skill level 1 in Long Blades
  3828 | D:4      | Found a staircase to the Ecumenical Temple.
  3840 | Temple   | Entered the Ecumenical Temple
  3847 | Temple   | Reached XP level 6. HP: 32/46 MP: 3/11
  4063 | Temple   | Became a worshipper of Sif Muna the Loreminder
  4175 | D:4      | Reached skill level 1 in Fighting
  4207 | D:4      | Reached skill level 6 in Conjurations
  4443 | D:4      | Your scales start taking on a dull iron-grey colour.
  4443 | D:4      | Reached XP level 7. HP: 29/52 MP: 2/13
  4443 | D:4      | Gained mutation: You can survive without breathing. [Grey
                  | Draconian growth]
  4963 | D:5      | Entered Level 5 of the Dungeon
  5334 | D:5      | Found a runed translucent door.
  5335 | D:5      | Noticed Rabronis's ghost (amateur SpCj)
  5394 | D:5      | Found a glowing golden altar of the Shining One.
  5475 | D:5      | Reached * piety under Sif Muna
  5563 | D:5      | Found Tacvot's Armour Emporium.
  5729 | D:5      | Found a runed translucent door.
  5772 | D:5      | Killed Rabronis's ghost
  6349 | D:6      | Reached XP level 8. HP: 55/59 MP: 11/15
  6394 | D:6      | Reached skill level 5 in Spellcasting
  6554 | D:5      | Reached skill level 7 in Conjurations
  6787 | D:6      | Found Ciqiz's Distillery.
  6949 | D:6      | Bought a potion of curing for 33 gold pieces
  7109 | D:6      | Reached skill level 1 in Shields
  7269 | D:6      | Reached ** piety under Sif Muna
  7606 | D:6      | Found a sacrificial altar of Ru.
  7630 | D:6      | Found a radiant altar of Vehumet.
  7631 | D:6      | Found a hazy altar of Hepliaklqana.
  7631 | D:6      | Found an opulent altar of Gozag.
  7631 | D:6      | Found an iron altar of Okawaru.
  7631 | D:6      | Found a glowing silver altar of Zin.
  7632 | D:6      | Found a blossoming altar of Fedhas.
  7633 | D:6      | Found a bloodstained altar of Trog.
  7958 | D:7      | Reached skill level 5 in Long Blades
  7974 | D:7      | Reached XP level 9. HP: 66/69 MP: 3/17
  9467 | D:8      | Reached *** piety under Sif Muna
  9468 | D:8      | Reached skill level 8 in Conjurations
 10311 | D:9      | Noticed Harold
 11510 | D:9      | Reached XP level 10. HP: 68/75 MP: 14/20
 11913 | D:9      | Killed Harold
 12635 | D:9      | Noticed a two-headed ogre
 12643 | D:9      | Killed a two-headed ogre
 12711 | D:10     | Entered Level 10 of the Dungeon
 12764 | D:9      | Reached skill level 9 in Conjurations
 13020 | D:10     | Reached skill level 5 in Dodging
 13033 | D:10     | Found a flagged portal.
 13035 | D:10     | Noticed a tengu warrior
 13043 | Bailey   | Entered a bailey
 13503 | Bailey   | Reached **** piety under Sif Muna
 13664 | Bailey   | Noticed an orc warlord
 13673 | Bailey   | HP: 5/120 [orc warlord/+4 glaive of venom (30)]
 13679 | Bailey   | HP: 4/120 [poisoned by an orc warlord]
 13679 | Bailey   | Demolished by an orc warlord

Illustrated notes

Levels and vault maps discovered:
D:1:      minmay_arrival_split_and_join, layout_basic, serial_glass,
          glass_columns_a, glass_columns_a, xom_teletrap_fun
D:2:      layout_rooms, overflow_temple_1_default, lemuel_altar_in_water2
D:3:      layout_basic, nzn_wu_jian_contemplation,
          chequers_serial_rivers_large_b
D:4:      layout_cave_pools, minmay_temple_entry_tees, serial_column_ruins,
          column_ruins_hut, column_ruins_square_small,
          column_ruins_columns_dead_end, column_ruins_open_tiny,
          column_ruins_grid_3, column_ruins_corridor_water
D:5:      layout_rooms, ebering_ghost_sewer_f, basic_altar, serial_shops, shop
D:6:      layout_basic, minitemple, serial_shops, nicolae_shop_crystal,
          minmay_pentangle
D:7:      layout_gridville, hex_tiny
D:8:      layout_basic
D:9:      statuecave_lemuel, layout_loops_cross, sword_in_stone, uniq_harold
D:10:     layout_long_grid, enter_bailey_4, minmay_between
Temple:   nicolae_temple_hex_pool
Bailey:   bailey_axe_minmay_hex_keep, bailey

Skill      XL: |  1  2  3  4  5  6  7  8  9 10 |
---------------+-------------------------------+-----
Stealth        | 2 3 |  3.5
Conjurations   | 5 6 7 8 9 |  9.0
Dodging        | 2 3 4 5 |  5.2
Long Blades    | 1 2 3 5 7 8 |  8.7
Spellcasting   | 3 4 5 6 7 |  7.1
Fighting       | 1 3 4 |  4.7
Shields        | 1 2 3 |  3.8
Evocations     | |  0.3

Action                   |  1- 3 |  4- 6 |  7- 9 | 10-12 || total
-------------------------+-------+-------+-------+-------++-------
Melee: Unarmed           |    20 |       |       |       ||    20
       Tailslap          |     5 |     2 |    34 |    24 ||    65
       Long sword        |     9 |    47 |   130 |       ||   186
       Scimitar          |       |       |   232 |   197 ||   429
 Cast: Magic Dart        |    75 |   104 |   337 |    77 ||   593
Evoke: Wand              |       |       |       |     2 ||     2
  Use: Scroll            |     4 |       |     8 |     2 ||    14
       Potion            |       |       |     4 |     5 ||     9
Armor: Skin              |    11 |    19 |   180 |    53 ||   263
Dodge: Dodged            |    30 |    36 |   177 |    90 ||   333
Block: Kite shield       |       |       |    97 |   119 ||   216
       Rpst.: Long sword |     4 |    13 |    25 |       ||    42
       Scimitar          |       |       |    35 |    20 ||    55
